 Dungeon Crawl Stone Soup version 0.24.0-123-gd5b16e6ec5 (webtiles) character file.

Game seed: 5333988264429696089, levelgen mode: deterministic

990 Elellon the Cleaver (level 8, -11/64 HPs)
             Began as a Hill Orc Fighter on Jan 13, 2020.
             Mangled by an orc warrior
             ... wielding a +0 flail
              (14 damage)
             ... in the Ecumenical Temple.
             The game lasted 00:07:23 (5435 turns).

Elellon the Cleaver (Hill Orc Fighter)              Turns: 5435, Time: 00:07:24

Health: -11/64     AC:  9    Str: 21    XL:     8   Next: 18%
Magic:  8/8        EV:  7    Int:  8    God:
Gold:   374        SH: 11    Dex: 10    Spells: 7/7 levels left

rFire    . . .     SeeInvis .   a - +0 war axe
rCold    . . .     Gourm    .   c - +2 shield
rNeg     . . .     Faith    .   b - +0 scale mail
rPois    .         Spirit   .   (no helmet)
rElec    .         Reflect  .   k - +0 cloak
rCorr    .         Harm     .   u - +0 pair of gloves
MR       .....                  (no boots)
Stlth    ..........             (no amulet)
HPRegen  0.20/turn              (no ring)
MPRegen  0.11/turn              (no ring)

@: lethally poisoned (-11 -> -12)
A: no striking features
a: no special abilities


You were in the Ecumenical Temple.
You were not hungry.

You visited 2 branches of the dungeon, and saw 7 of its levels.

You collected 374 gold pieces.

Inventory:

Hand Weapons
 a - a +0 war axe (weapon)
Armour
 b - a +0 scale mail (worn)
 c - a +2 shield (worn)
 k - a +0 cloak (worn)
 u - a +0 pair of gloves (worn)
Jewellery
 r - an uncursed ring of positive energy {unknown}
Scrolls
 i - a scroll of magic mapping
 j - a scroll of enchant armour
 l - 4 scrolls of identify
 o - 3 scrolls of remove curse
 p - a scroll of fog {unknown}
Potions
 d - 3 potions of might
 e - 5 potions of curing {unknown}
 g - a potion of resistance {unknown}
 h - 5 potions of heal wounds
 m - a potion of haste {unknown}
 n - a potion of agility {unknown}
 q - a potion of mutation {unknown}
 s - a potion of ambrosia {unknown}
 t - a potion of brilliance {unknown}
Comestibles
 f - 9 rations
 v - 3 chunks of flesh


   Skills:
 - Level 3.6 Fighting
 + Level 12.0 Axes
 - Level 3.2 Armour
 - Level 3.2 Shields


You had 7 spell levels left.
You didn't know any spells.
Your spell library contained the following spells:

 Spells                   Type           Power        Failure   Level  Hunger
 Corona                   Hex            #......      99%         1    ##.....
 Flame Tongue             Conj/Fire      #....        99%         1    ##.....
 Ensorcelled Hibernation  Hex/Ice        #.....       100%        2    ###....
 Throw Flame              Conj/Fire      #.....       100%        2    ###....
 Confuse                  Hex            #.......     100%        3    ####...
 Conjure Flame            Conj/Fire      #.......     100%        3    ####...
 Dazzling Spray           Conj/Hex       #.....       100%        3    ####...
 Inner Flame              Hex/Fire       #.......     100%        3    ####...
 Tukima's Dance           Hex            #.......     100%        3    ####...
 Sticky Flame             Conj/Fire      #.......     100%        4    #####..
 Fireball                 Conj/Fire      #.........   100%        5    ######.


Dungeon Overview and Level Annotations

Branches:
Dungeon (6/15)             Temple (1/1) D:6

Altars:
Fedhas
Makhleb
Nemelex Xobeh
Ru
Uskayaw
Vehumet
Xom
Yredelemnul
The Shining One


Message History

You kill the worker ant!
Your Axes skill increases to level 12!
You hit the bush but do no damage.
A bullfrog comes into view.
You block the orc warrior's attack.
You see here a +0 whip.
You feel sick.
There is a staircase to the Ecumenical Temple here.
You can't go up here!
The orc warrior hits you with a +0 flail!
* * * LOW HITPOINT WARNING * * *
You climb downwards.
Welcome to the Ecumenical Temple!
You feel sick.
Found a sacrificial altar of Ru.
There is a staircase back to the Dungeon here.
You are too injured to fight recklessly!
You are too injured to fight recklessly!
You hit the orc warrior.
The orc warrior is moderately wounded.
The orc warrior hits you with a +0 flail!
You die...

#####
#...#
#._.#
...
...
##.##
#...#
#o@.#
#...#
#####


You could see an orc warrior.

Vanquished Creatures
  Eustachio (D:4)
  An ogre (D:4)
  A phantom (D:5)
  A crimson imp (D:5)
  A bullfrog zombie (D:5)
  3 hounds
  2 orc wizards
  2 jellies
  5 orc priests
  3 worker ants
  6 adders
  An ooze (D:1)
  2 worms
  A dart slug (D:3)
  3 leopard geckos
  18 orcs
  3 ball pythons
  5 giant cockroaches
  11 goblins
  10 hobgoblins
  10 jackals
  A quokka (D:2)
  11 bats
  5 frilled lizards
  A jackal zombie (D:5)
  7 kobolds
  11 rats
126 creatures vanquished.

Notes
Turn   | Place    | Note
-------+----------+-------------------------------------------
     0 | D:1      | Elellon the Hill Orc Fighter began the quest for the Orb.
     0 | D:1      | Reached XP level 1. HP: 19/19 MP: 1/1
    49 | D:1      | Reached skill level 3 in Axes
    82 | D:1      | Reached XP level 2. HP: 12/26 MP: 2/2
   321 | D:1      | Reached skill level 4 in Axes
   554 | D:1      | Reached XP level 3. HP: 31/31 MP: 3/3
  1348 | D:2      | Reached skill level 5 in Axes
  1710 | D:3      | Reached XP level 4. HP: 21/39 MP: 4/4
  1913 | D:2      | Reached skill level 6 in Axes
  2388 | D:2      | Reached XP level 5. HP: 42/45 MP: 5/5
  2537 | D:2      | Reached skill level 7 in Axes
  2771 | D:3      | Found a glowing golden altar of the Shining One.
  2875 | D:3      | Found a radiant altar of Vehumet.
  3463 | D:4      | Got an ancient leather armour
  3473 | D:4      | Identified the cursed +0 leather armour of Ziguig {+Inv
                  | rPois MP-9} (You found it on level 4 of the Dungeon)
  3521 | D:4      | Found a sparkling altar of Nemelex Xobeh.
  3523 | D:4      | Found a blossoming altar of Fedhas.
  3525 | D:4      | Found a hide-covered altar of Uskayaw.
  3525 | D:4      | Found a basalt altar of Yredelemnul.
  3526 | D:4      | Found a burning altar of Makhleb.
  3588 | D:4      | Reached skill level 8 in Axes
  3590 | D:4      | Reached XP level 6. HP: 44/51 MP: 0/6
  3681 | D:4      | Noticed Eustachio
  3707 | D:4      | Killed Eustachio
  3707 | D:4      | Reached skill level 9 in Axes
  4173 | D:4      | Reached XP level 7. HP: 29/57 MP: 7/7
  4495 | D:5      | Entered Level 5 of the Dungeon
  4497 | D:5      | Reached skill level 10 in Axes
  4634 | D:5      | Found a shimmering altar of Xom.
  4921 | D:5      | Reached skill level 11 in Axes
  5146 | D:5      | Reached XP level 8. HP: 57/64 MP: 8/8
  5397 | D:6      | Found a staircase to the Ecumenical Temple.
  5430 | D:6      | Reached skill level 12 in Axes
  5433 | D:6      | HP: 3/64 [orc warrior/+0 flail (7)]
  5434 | Temple   | Entered the Ecumenical Temple
  5435 | Temple   | Mangled by an orc warrior

Levels and vault maps discovered:
D:1:      onia_arrival_mini_maze_b, layout_basic, serial_park_tiny_pond,
          minivault_4
D:2:      layout_basic
D:3:      layout_loops_ring, lemuel_crystal_altar, first_ration, tso_altar
D:4:      layout_basic, chequers_temple_overflow_statue_of_worship,
          nemelex_xobeh_ov_fountains_minmay, uniq_eustachio
D:5:      layout_loops_ring, brannock_xom_greatest_gift
D:6:      layout_basic, minmay_temple_entry_trees, serial_shops, shop,
          roderic_lattice_a
Temple:   eino_wide_crystal_templ

Skill      XL: |  1  2  3  4  5  6  7  8 |
---------------+-------------------------+-----
Axes           | 3 4 5 6 8 9 11 12 | 12.0
Fighting       | |  3.6
Armour         | |  3.2
Shields        | |  3.2

Action                   |  1- 3 |  4- 6 |  7- 9 || total
-------------------------+-------+-------+-------++-------
Melee: War axe           |   136 |   191 |   135 ||   462
  Use: Scroll            |       |     8 |       ||     8
  Eat: Chunk             |     3 |     8 |     4 ||    15
Armor: Scale mail        |    53 |    63 |    50 ||   166
       Leather armour    |       |     7 |       ||     7
Dodge: Dodged            |    33 |    63 |    27 ||   123
Block: Shield            |    72 |   102 |    66 ||   240
